 Dungeon Crawl Stone Soup version 0.16-a0-2955-gfa193e0 (webtiles) character file.

11899 monstruo the Thaumaturge (level 11, -1/61 HPs)
             Began as a High Elf Fire Elementalist on Dec 4, 2014.
             Was the Champion of Sif Muna.
             Killed from afar by a lindwurm (44 damage)
             ... with a blast of flame
             ... on level 3 of the Lair of Beasts.
             The game lasted 01:33:17 (16844 turns).

monstruo the Thaumaturge (HEFE)                    Turns: 16844, Time: 01:33:17

Health: -1/61      AC: 13    Str: 10    XL:     11   Next: 55%
Magic:  22/32      EV: 14    Int: 23    God:    Sif Muna [******]
Gold:   599        SH:  3    Dex: 15    Spells: 5 memorised, 18 levels left

rFire  . . .     SeeInvis +     s - +3 falchion (protect)
rCold  . . .     Clarity  .     v - +3 leather armour
rNeg   . . .     SustAb   .     B - +0 buckler
rPois  .         Gourm    +     (no helmet)
rElec  .         Spirit   .     (no cloak)
rCorr  .         Warding  .     (no gloves)
rMut   .         Stasis   .     h - +1 pair of boots
MR     +....                    E - amulet of the gourmand
Stlth  +.........               Q - ring of wizardry
                                z - ring "Vakoenioh" {+Blink Str+2 SInv}

@: somewhat resistant to hostile enchantments, very unstealthy
A: no striking features
a: Channel Energy, Forget Spell, Renounce Religion, Evoke Blink


You were on level 3 of the Lair of Beasts.
You worshipped Sif Muna.
Sif Muna was exalted by your worship.
You were not hungry.

You visited 3 branches of the dungeon, and saw 15 of its levels.

You collected 599 gold pieces.

Inventory:

Hand weapons
 s - a +3 falchion of protection (weapon)
Armour
 h - a +1 pair of boots (worn)
 v - a +3 leather armour (worn)
 B - a +0 buckler (worn)
Jewellery
 w - an uncursed ring of protection from cold
 z - the ring "Vakoenioh" (left hand) {+Blink Str+2 SInv}
   (You found it on level 4 of the Dungeon)

   [ring of strength]

   It affects your strength (+2).
   It enhances your eyesight.
   It lets you blink.
 C - an uncursed ring of flight
 E - an amulet of the gourmand (around neck)
 N - an uncursed ring of protection from magic
 Q - a ring of wizardry (right hand)
Magical devices
 n - a wand of paralysis (7)
 u - a wand of draining (5)
 y - a wand of teleportation (5)
 G - a wand of random effects (35)
 K - a wand of confusion (22)
 S - a wand of disintegration (7)
Scrolls
 a - 2 scrolls of blinking
 e - a scroll of summoning
 l - a scroll of enchant weapon
 o - 3 scrolls of fear
 t - a scroll of amnesia
 x - a scroll of vulnerability {unknown}
 A - 5 scrolls of teleportation
 D - 4 scrolls of remove curse
 I - a scroll of enchant armour
Potions
 d - a potion of cancellation
 f - a potion of restore abilities
 k - 2 potions of agility
 m - 2 potions of might
 q - a potion of resistance {unknown}
 r - 2 potions of flight {unknown}
 F - a potion of curing
 H - 4 potions of invisibility {unknown}
 J - a potion of poison {unknown}
 M - a potion of cure mutation {unknown}
 O - 2 potions of berserk rage {unknown}
 P - a potion of mutation {unknown}
Books
 b - a book of Flames

   Spells                             Type                      Level
   a - Flame Tongue                   Conjuration/Fire             1
   b - Throw Flame                    Conjuration/Fire             2
   c - Conjure Flame                  Conjuration/Fire             3
   d - Inner Flame                    Hexes/Fire                   3
   e - Sticky Flame                   Conjuration/Fire             4
   f - Fireball                       Conjuration/Fire             5
 g - a book of Conjurations

   Spells                             Type                      Level
   a - Magic Dart                     Conjuration                  1
   b - Searing Ray                    Conjuration                  2
   c - Dazzling Spray                 Conjuration/Hexes            3
   d - Fulminant Prism                Conjuration/Hexes            4
   e - Iskenderun's Mystic Blast      Conjuration                  4
   f - Iskenderun's Battlesphere      Conjuration/Charms           5
 L - a book of Enchantments

   Spells                             Type                      Level
   a - Tukima's Dance                 Hexes                        3
   b - Cause Fear                     Hexes                        4
   c - Silence                        Hexes/Air                    5
   d - Deflect Missiles               Charms/Air                   6
   e - Haste                          Charms                       6
   f - Discord                        Hexes                        8
 T - a book of Spatial Translocations

   Spells                             Type                      Level
   a - Apportation                    Translocation                1
   b - Blink                          Translocation                2
   c - Shroud of Golubria             Charms/Translocation         2
   d - Portal Projectile              Translocation                3
   e - Teleport Other                 Translocation                3
   f - Passage of Golubria            Translocation                4
Comestibles
 c - 13 bread rations
 i - a royal jelly
 j - 4 fruits
 p - 5 beef jerkies
 R - a meat ration


   Skills:
 + Level 7.3 Dodging
 - Level 2.1 Stealth
 + Level 11.8 Spellcasting
 - Level 9.5 Conjurations
 + Level 11.1 Fire Magic


You had 18 spell levels left.
You knew the following spells:

 Your Spells              Type           Power        Failure   Level  Hunger
a - Flame Tongue          Conj/Fire      #####        1%          1    None
b - Conjure Flame         Conj/Fire      ######..     1%          3    None
c - Sticky Flame          Conj/Fire      ######..     1%          4    None
d - Fireball              Conj/Fire      ######....   1%          5    ####...
e - Blink                 Tloc           N/A          7%          2    None


Dungeon Overview and Level Annotations

Branches:
Dungeon (11/15)            Temple (1/1) D:4            Lair (3/8) D:8
  Swamp: Lair:3-6    Shoals: Lair:3-6     Snake: Lair:3-6    Spider: Lair:3-6
    Orc: D:9-12

Altars:
Ashenzari
Cheibriados
Dithmenos
Elyvilon
Fedhas
Gozag
Kikubaaqudgha
Makhleb
Nemelex Xobeh
Okawaru
Qazlal
Ru
Sif Muna
Trog
Vehumet
Xom
Yredelemnul
Zin
The Shining One


Message History

The flames covering the electric eel go out.
The electric eel stops burning.
The electric eel is engulfed in a cloud of scalding steam.
The electric eel shoots out a bolt of lightning at you!
The bolt of electricity hits you!
Casting: Sticky Flame
Confirm with . or Enter, or press ? or * to list all spells.
Aiming: Sticky Flame
Press: ? - help, Shift-Dir - straight line, f/p - electric eel
Aim: an electric eel (steam, moderately wounded)
The sticky flame hits the electric eel.
You kill the electric eel!
You are engulfed in a cloud of scalding steam.
Found 27 gold pieces. 2 lindwurms come into view.
The lindwurm roars!
The lindwurm breathes flames at you. The blast of flame hits you!
Ouch! That really hurt!
You die...

################# #####
#$.≈≈§@≈≈≈##≈≈≈≈###≈≈≈#
#(k.§≈#≈≈##≈≈≈≈≈≈##≈≈≈#
#[k.≈##≈≈#≈≈≈##≈≈≈≈≈≈≈#
## #:.≈≈
##≈≈≈≈####≈≈≈≈≈≈# P#
#### ###### #####≈≈# P#
##≈# .##
#♣#♣#♣###♣#♣♣♣#♣♣♣≈♣
.<##
♣♣♣.≈≈≈≈≈♣♣≈≈♣≈≈≈≈≈≈≈♣
...##
♣♣...P≈≈≈≈≈≈≈≈≈≈≈≈≈≈≈≈♣


You could see 2 lindwurms.

Vanquished Creatures
  A black mamba (Lair:1)
  7 spiny frogs
  A komodo dragon (Lair:2)
  A troll (D:9)
  A basilisk (Lair:2)
  22 yaks
  A spriggan (D:8)
  A hungry ghost (D:8)
  A wolf (Lair:2)
  An ice beast (D:7)
  2 sky beasts
  4 water moccasins
  4 porcupines
  3 orc warriors
  A black bear (D:6)
  A boring beetle (Lair:3)
  3 phantoms
  4 ogres
  3 crocodiles
  3 centaurs
  Blork the orc (D:5)
  7 giant frogs
  A scorpion (D:8)
  5 electric eels (Lair:3)
  A goliath beetle (D:6)
  3 crimson imps
  5 jellies
  A centaur skeleton (D:11)
  A giant frog skeleton (D:4)
  8 hounds
  5 orc priests
  2 iguanas
  8 orc wizards
  Natasha (D:3)
  4 worker ants
  A hound zombie (D:5)
  2 worker ant zombies
  A hound skeleton (D:4)
  A mummy (D:9)
  15 adders
  3 gnolls (D:5)
  46 river rats
  2 shadow imps (D:8)
  A giant mite (D:5)
  5 worms
  An adder skeleton (D:6)
  The ghost of asdu the Chopper, a weakling VSBe of Trog (D:3)
  7 giant geckos
  An ooze (D:3)
  21 orcs
  4 ball pythons
  18 bats
  A bat zombie (D:8)
  16 hobgoblins
  5 jackals
  3 giant cockroaches
  A giant gecko skeleton (D:4)
  7 giant newts
  24 goblins
  18 kobolds
  7 quokkas
  A quokka skeleton (D:8)
  11 rats
  A ballistomycete (D:6)
  2 fungi
345 creatures vanquished.

Vanquished Creatures (others)
  A giant spore (D:6)
  A fungus (D:8)
  12 toadstools (Lair:3)
14 creatures vanquished.

Grand Total: 359 creatures vanquished

Notes
Turn   | Place    | Note
--------------------------------------------------------------
     0 | D:1      | monstruo, the High Elf Fire Elementalist, began the quest for the Orb.
     0 | D:1      | Reached XP level 1. HP: 11/11 MP: 4/4
   318 | D:1      | Reached XP level 2. HP: 17/17 MP: 4/6
  1333 | D:1      | Reached XP level 3. HP: 21/21 MP: 7/9
  1338 | D:1      | Learned a level 3 spell: Conjure Flame
  1736 | D:2      | Reached XP level 4. HP: 18/27 MP: 10/12
  1838 | D:2      | Learned a level 4 spell: Sticky Flame
  1856 | D:2      | Found a radiant altar of Vehumet.
  2063 | D:2      | Reached skill level 4 in Fire Magic
  2449 | D:3      | Found an opulent altar of Gozag.
  2624 | D:3      | Noticed asdu's ghost (weakling VSBe)
  2635 | D:3      | Killed asdu's ghost
  3051 | D:3      | Reached XP level 5. HP: 31/31 MP: 8/14
  3339 | D:4      | Noticed Natasha
  3385 | D:3      | Killed Natasha
  3600 | D:4      | Found a staircase to the Ecumenical Temple.
  3610 | Temple   | Entered the Ecumenical Temple
  3738 | Temple   | Became a worshipper of Sif Muna the Loreminder
  3898 | D:4      | Found a sacrificial altar of Ru.
  3905 | D:4      | Got a translucent copper ring
  4091 | D:4      | Identified the ring "Vakoenioh" {+Blink Str+2 SInv} (You found it on level 4 of the Dungeon)
  4138 | D:4      | Reached XP level 6. HP: 32/36 MP: 13/18
  4187 | D:5      | Entered Level 5 of the Dungeon
  4223 | D:4      | Learned a level 5 spell: Fireball
  4604 | D:5      | Found a sparkling altar of Nemelex Xobeh.
  4624 | D:5      | Found a bloodstained altar of Trog.
  5085 | D:5      | Noticed Blork the orc
  5096 | D:5      | Killed Blork the orc
  5096 | D:5      | Reached skill level 5 in Fire Magic
  5336 | D:5      | Reached skill level 5 in Spellcasting
  5347 | D:5      | Acquired Sif Muna's first power
  5347 | D:5      | Reached XP level 7. HP: 27/41 MP: 9/21
  6104 | D:6      | Reached skill level 5 in Conjurations
  6497 | D:6      | Found an ancient bone altar of Kikubaaqudgha.
  6739 | D:6      | Reached skill level 6 in Spellcasting
  6756 | D:6      | Acquired Sif Muna's second power
  6803 | D:6      | Reached XP level 8. HP: 46/46 MP: 19/24
  7740 | D:7      | Reached skill level 7 in Spellcasting
  8006 | D:7      | Found a sparkling altar of Nemelex Xobeh.
  8074 | D:7      | Found a glowing silver altar of Zin.
  8075 | D:7      | Noticed an angel
  8686 | D:8      | Reached XP level 9. HP: 41/51 MP: 23/27
  8715 | D:8      | Reached skill level 8 in Spellcasting
  8789 | D:8      | Found a staircase to the Lair.
  8892 | D:8      | Found a basalt altar of Yredelemnul.
  8909 | D:8      | Acquired Sif Muna's third power
  9027 | D:8      | Found a blossoming altar of Fedhas.
  9872 | Lair:1   | Entered Level 1 of the Lair of Beasts
  9879 | Lair:1   | Reached skill level 9 in Spellcasting
  9985 | Lair:1   | Noticed a black mamba
  9997 | Lair:1   | Killed a black mamba
 10286 | D:9      | Found a white marble altar of Elyvilon.
 10908 | D:9      | Noticed a moth of wrath
 10909 | D:9      | Found a bloodstained altar of Trog.
 11079 | D:9      | Reached XP level 10. HP: 56/56 MP: 22/30
 11168 | D:9      | Found a glowing golden altar of the Shining One.
 11213 | D:10     | Entered Level 10 of the Dungeon
 12025 | D:9      | Identified a scroll of acquirement
 12149 | Lair:1   | Reached skill level 10 in Spellcasting
 13023 | Lair:1   | Noticed a spiny frog
 13036 | Lair:1   | Killed a spiny frog
 13036 | Lair:1   | Received a gift from Sif Muna
 13341 | Lair:1   | Reached skill level 10 in Fire Magic
 13353 | Lair:1   | Reached skill level 5 in Dodging
 14190 | Lair:1   | Reached skill level 11 in Spellcasting
 14193 | Lair:1   | Reached XP level 11. HP: 59/61 MP: 10/32
 16475 | Lair:2   | Learned a level 2 spell: Blink
 16844 | Lair:3   | Noticed a lindwurm
 16844 | Lair:3   | Noticed a lindwurm
 16844 | Lair:3   | Killed from afar by a lindwurm

Action                   |  1- 3 |  4- 6 |  7- 9 | 10-12 || total
-------------------------+-------+-------+-------+-------++-------
Melee: Dagger            |    22 |    63 |    14 |       ||    99
       Unarmed           |     1 |       |       |       ||     1
       Falchion          |       |       |   106 |    76 ||   182
 Cast: Flame Tongue      |    63 |   120 |   225 |   124 ||   532
       Conjure Flame     |       |     1 |    16 |     1 ||    18
       Sticky Flame      |       |     1 |    21 |    54 ||    76
       Fireball          |       |       |       |    42 ||    42
Invok: Channel Energy    |       |       |     2 |       ||     2
  Use: Potion            |       |     4 |       |     4 ||     8
       Scroll            |       |     1 |       |    22 ||    23
  Eat: Chunk             |     2 |    11 |    16 |    27 ||    56
       Fruit             |       |     1 |     5 |       ||     6
       Pizza             |       |       |     1 |       ||     1
       Bread ration      |       |       |       |     1 ||     1
